 Dungeon Crawl Stone Soup version 0.17.2 (webtiles) character file.

98 Nekros the Magician (level 4, 0/24 HPs)
             Began as a Deep Elf Wizard on June 4, 2016.
             Slain by an iguana (12 damage)
             ... on level 4 of the Dungeon.
             The game lasted 00:19:36 (3875 turns).

Nekros the Magician (Deep Elf Wizard)               Turns: 3875, Time: 00:19:36

Health: 0/24       AC:  9    Str:  4    XL:     4   Next: 44%
Magic:  1/14       EV: 12    Int: 24    God:
Gold:   131        SH:  0    Dex: 13    Spells: 5 memorised, 5 levels left

rFire  . . .     SeeInvis .     o - +0 dagger
rCold  . . .     Clarity  .     a - +0 robe
rNeg   . . .     SustAt   .     (no shield)
rPois  .         Gourm    .     b - +1 hat
rElec  .         Spirit   .     h - +2 cloak
rCorr  .         Warding  .     e - +2 pair of gloves
rMut   .         Stasis   .     (no boots)
MR     .....                    (no amulet)
Stlth  +.........               (no ring)
                                y - ring of loudness (curse)

@: very slightly contaminated, not resistant to hostile enchantments, very
unstealthy
A: no striking features
a: no special abilities


You were on level 4 of the Dungeon.
You were not hungry.

You visited 1 branch of the dungeon, and saw 4 of its levels.

You collected 131 gold pieces.

Inventory:

Hand Weapons
 o - a +0 dagger (weapon)
Missiles
 j - 164 stones (quivered)
 x - 18 arrows
Armour
 a - a +0 robe (worn)
 b - a +1 hat (worn)
 e - a +2 pair of gloves (worn)
 h - a +2 cloak (worn)
Jewellery
 y - a cursed ring of loudness (left hand)
Scrolls
 d - a scroll of blinking
 m - a scroll of amnesia
 p - a scroll of identify
 t - 2 scrolls of enchant weapon
Potions
 l - 2 potions of curing {unknown}
 q - 2 potions of agility {unknown}
 u - a potion of mutation {unknown}
Books
 c - a book of Minor Magic

   Spells                             Type                      Level
   a - Magic Dart                     Conjuration                  1
   b - Blink                          Translocation                2
   c - Call Imp                       Summoning                    2
   d - Repel Missiles                 Charms/Air                   2
   e - Slow                           Hexes                        2
   f - Conjure Flame                  Conjuration/Fire             3
   g - Mephitic Cloud                 Conjuration/Poison/Air       3
Comestibles
 k - a meat ration
 z - 2 slices of pizza


   Skills:
 - Level 2.4 Dodging
 - Level 2.4 Stealth
 - Level 6.7 Spellcasting
 * Level 2.3 Conjurations
 - Level 1.1 Summonings
 - Level 1.1 Translocations


You had 5 spell levels left.
You knew the following spells:

 Your Spells              Type           Power        Failure   Level  Hunger
a - Magic Dart            Conj           ###.         2%          1    None
b - Blink                 Tloc           N/A          10%         2    None
c - Call Imp              Summ           ##......     10%         2    None
d - Conjure Flame         Conj/Fire      ##......     17%         3    None
e - Mephitic Cloud        Conj/Pois/Air  ##......     21%         3    None


Dungeon Overview and Level Annotations

Branches:
Dungeon (4/15)
 Temple: D:4-7

Altars:
Yredelemnul


Message History

Confirm with . or Enter, or press ? or * to list all spells.
You blink.
The iguana barely misses you.
Casting: Blink
Confirm with . or Enter, or press ? or * to list all spells.
You blink.
The iguana barely misses you.
Casting: Blink
Confirm with . or Enter, or press ? or * to list all spells.
You blink.
Casting: Blink
Confirm with . or Enter, or press ? or * to list all spells.
You miscast Blink.
You are very lightly contaminated with residual magic.
The world appears momentarily distorted!
The iguana closely misses you.
Casting: Blink
Confirm with . or Enter, or press ? or * to list all spells.
You don't have enough magic to cast that spell.
The iguana bites you!
Ouch! That really hurt!
You die...

#########
#.......#
#.......#
#.....?.#
#.......####
#.@........#
#.l........#
+...........
##+#..........#
#......<.......
#.......#.#...#
#.......+.....+
#.......#+#...#
#........ ###.


You could see an iguana.

Vanquished Creatures
  4 adders
  A worm (D:3)
  An orc (D:3)
  8 bats
  A giant cockroach (D:2)
  2 gnoll zombies (D:2)
  12 hobgoblins
  5 kobolds
  A quokka (D:3)
  2 giant newts (D:2)
  10 goblins
  2 jackals (D:2)
  5 rats
54 creatures vanquished.

Vanquished Creatures (collateral kills)
  An ooze (D:2)
  A hobgoblin (D:2)
2 creatures vanquished.

Grand Total: 56 creatures vanquished

Notes
Turn   | Place    | Note
--------------------------------------------------------------
     0 | D:1      | Nekros the Deep Elf Wizard began the quest for the Orb.
     0 | D:1      | Reached XP level 1. HP: 10/10 MP: 7/7
   230 | D:1      | Reached skill level 5 in Spellcasting
   416 | D:1      | Reached XP level 2. HP: 12/15 MP: 6/10
   659 | D:1      | Learned a level 2 spell: Blink
   662 | D:1      | Learned a level 2 spell: Call Imp
  1461 | D:2      | Reached XP level 3. HP: 19/19 MP: 10/12
  1466 | D:2      | Learned a level 3 spell: Conjure Flame
  1470 | D:2      | Learned a level 3 spell: Mephitic Cloud
  1637 | D:2      | Reached skill level 6 in Spellcasting
  2545 | D:2      | Found a basalt altar of Yredelemnul.
  3228 | D:3      | Reached XP level 4. HP: 24/24 MP: 2/14
  3875 | D:4      | Slain by an iguana

Action                   |  1- 3 |  4- 6 || total
-------------------------+-------+-------++-------
Melee: Dagger            |     2 |       ||     2
Throw: Stone             |     9 |       ||     9
 Cast: Magic Dart        |   138 |    32 ||   170
       Blink             |    20 |     3 ||    23
       Conjure Flame     |     3 |     1 ||     4
       Call Imp          |     3 |       ||     3
       Mephitic Cloud    |     2 |     2 ||     4
  Use: Scroll            |    10 |       ||    10
  Eat: Bread ration      |     1 |     1 ||     2
       Fruit             |     4 |       ||     4
